 Dungeon Crawl Stone Soup version 0.23.0 (webtiles) character file.

Game seed: 10416634735526144905

17257 DrEnzyme the Geomancer (level 12, -9/72 HPs)
             Began as a Halfling Earth Elementalist on Feb 12, 2019.
             Was an Elder of Vehumet.
             Mangled by Rupert
             ... wielding a +0 battleaxe of electrocution
              (17 damage)
             ... on level 2 of the Lair of Beasts.
             The game lasted 00:51:49 (19386 turns).

DrEnzyme the Geomancer (HaEE)                      Turns: 19386, Time: 00:51:50

Health: -9/72      AC:  9    Str:  9    XL:     12   Next: 80%
Magic:  19/24      EV: 20    Int: 17    God:    Vehumet [****..]
Gold:   157        SH:  7    Dex: 16    Spells: 13/28 levels left

rFire    x . .     SeeInvis +   R - +2 whip "Xiomuge" {slash, SInv}
rCold    + + .     Gourm    .   w - +1 buckler {rC+}
rNeg     . . .     Faith    .   P - +1 leather armour {rPois}
rPois    +         Spirit   .   b - +0 helmet
rElec    .         Reflect  .   M - +2 cloak {rPois}
rCorr    .         Harm     .   I - +0 pair of gloves
MR       .....                  (no boots)
Stlth    ++++......             D - amulet of magic regeneration
HPRegen  0.22/turn              m - ring of stealth
MPRegen  0.44/turn              x - ring of ice

@: studying Dodging
A: small, mutation resistance 1
a: Renounce Religion


You were on level 2 of the Lair of Beasts.
You worshipped Vehumet.
Vehumet was greatly pleased with you.
You were not hungry.

You visited 2 branches of the dungeon, and saw 14 of its levels.

You collected 835 gold pieces.
You spent 678 gold pieces at shops.

Inventory:

Hand Weapons
 a - a +1 whip of freezing
 v - a +2 dagger of draining
 R - the +2 whip "Xiomuge" (weapon) {slash, SInv}
   (You found it on level 10 of the Dungeon)

   It inflicts extra damage upon your enemies.
   It lets you see invisible.
Missiles
 h - 95 poisoned needles
 C - 54 stones (quivered)
Armour
 b - a +0 helmet (worn)
 c - a +1 robe
 w - a +1 buckler of cold resistance (worn)
 I - a +0 pair of gloves (worn)
 M - a +2 cloak of poison resistance (worn)
 P - a +1 leather armour of poison resistance (worn)
 S - a +0 shield
 Y - the +0 chain mail of Xetu {*Slow Dex+8 Slay+2}
   (You found it on level 2 of the Lair of Beasts)

   It affects your dexterity (+8).
   It affects your accuracy and damage with ranged weapons and melee attacks
   (+2).
   It may slow you when you take damage.
Jewellery
 m - a ring of stealth (left hand)
 s - an uncursed amulet of rage
 x - a ring of ice (right hand)
 D - an amulet of magic regeneration (around neck)
 K - an uncursed amulet of harm {unknown}
 O - a +4 amulet of reflection {unknown}
 Q - an uncursed amulet of the acrobat {unknown}
Wands
 B - a wand of clouds (1)
 J - a wand of iceblast (18)
 X - a wand of digging (11)
Scrolls
 i - 3 scrolls of identify
 o - 3 scrolls of immolation {unknown}
 q - 3 scrolls of teleportation
 t - 6 scrolls of remove curse
 u - 3 scrolls of amnesia {unknown}
 y - 2 scrolls of magic mapping
 z - 4 scrolls of fog {unknown}
 E - 2 scrolls of brand weapon {unknown}
 G - a scroll of noise {unknown}
 L - a scroll of random uselessness {unknown}
 N - a scroll of silence {unknown}
 T - 3 scrolls of enchant armour
 V - a scroll of blinking {unknown}
 W - a scroll of acquirement {unknown}
Potions
 d - 4 potions of curing
 g - 3 potions of degeneration
 j - a potion of resistance
 k - a potion of ambrosia
 l - 5 potions of flight
 n - 3 potions of haste
 p - 2 potions of invisibility
 r - 2 potions of brilliance
 H - a potion of might {unknown}
 U - a potion of magic {unknown}
Books
 A - a manual of Dodging
Comestibles
 f - 13 rations


   Skills:
 + Level 2.9 Fighting
 + Level 3.6 Maces & Flails
 + Level 3.3 Armour
 + Level 8.1 Dodging
 + Level 4.4 Stealth
 * Level 5.3 Shields
 + Level 8.6 Spellcasting
 + Level 7.1 Conjurations
 + Level 0.5 Transmutations
 + Level 10.7 Earth Magic
 + Level 1.2 Evocations


You had 13 spell levels left.
You knew the following spells:

 Your Spells              Type           Power        Failure   Level  Hunger
a - Stone Arrow           Conj/Erth      #####.       1%          3    #......
b - Sandblast             Erth           #####.       1%          1    None
c - Lee's Rapid Deconstr  Erth           #####.....   1%          5    #####..
d - Confusing Touch       Hex            #.....       14%         1    None
e - Inner Flame           Hex/Fire       #.......     11%         3    #......
f - Passwall              Tmut/Erth      ####....     1%          2    None

Your spell library contained the following spells:

 Spells                   Type           Power        Failure   Level  Hunger
 Petrify                  Tmut/Erth      ####....     14%         4    ###....
 Confuse                  Hex            #.......     38%         3    #......
 Gell's Gravitas          Tloc           #.........   38%         3    #......
 Yara's Violent Unravell  Hex/Tmut       #.........   63%         5    #####..
 Metabolic Englaciation   Hex/Ice        ##........   98%         5    #####..


Dungeon Overview and Level Annotations

Branches:
Dungeon (11/15)            Temple (0/1) D:5            Lair (3/6) D:9
  Swamp: Lair:2-4    Shoals: Lair:2-4     Snake: Lair:2-4    Spider: Lair:2-4
    Orc: D:9-12

Altars:
Cheibriados
Dithmenos
Elyvilon
Fedhas
Hepliaklqana
Nemelex Xobeh
Okawaru
Qazlal
Ru
Sif Muna
Trog
Uskayaw
Vehumet
Wu Jian

Shops:
D:10 :*[[!

Annotations:
D:2 exclusion: 3 downstairs
D:3 exclusion: 2 downstairs, Jessica
D:6 exclusion: downstairs
D:7 exclusion: downstairs
D:8 exclusions: centaur and zombie
D:9 exclusions: deep troll earth mage and 3 more exclusions, Joseph
D:10 2 runed translucent doors, exclusions: killer bee, orange crystal statue, quokka and 4 more exclusions
D:11 exclusions: killer bee and 2 more exclusions
Lair:1 exclusion: downstairs
Lair:2 exclusion: oklob plant, Rupert


Innate Abilities, Weirdness & Mutations

You are small and have problems with some larger weapons.
You are somewhat resistant to further mutation.


Message History

Casting: Stone Arrow (safe; 1% risk of failure)
Confirm with . or Enter, or press ? or * to list all spells.
Aiming: Stone Arrow (safe; 1% risk of failure)
Press: ? - help, Shift-Dir - straight line, f/p - Rupert
Aim: Rupert, wielding a +0 battleaxe of electrocution and wearing a cursed +0 chain mail (flame, moderately wounded)
The stone arrow hits Rupert!
Rupert is moderately wounded.
Rupert is engulfed in blazing flames.
Rupert roars madly and goes into a rage!
Rupert goes berserk!
Casting: Stone Arrow (safe; 1% risk of failure)
Confirm with . or Enter, or press ? or * to list all spells.
Aiming: Stone Arrow (safe; 1% risk of failure)
Press: ? - help, Shift-Dir - straight line, f/p - Rupert
Aim: Rupert, wielding a +0 battleaxe of electrocution and wearing a cursed +0 chain mail (flame, heavily wounded, berserk, fast, unusually strong)
The stone arrow misses Rupert.
Rupert is engulfed in blazing flames.
Rupert hits you with a +0 battleaxe of electrocution!!
* * * LOW HITPOINT WARNING * * *
You are electrocuted!
You die...

#...### ##..### ##.## ### ######
#P.... ##.# ###.###.##.# #####..
#..# ##..........####.P##.+ ##.#
###..........###...<.... #.#
#............'.#........ ###.##
##.+.......§§...........
.#...#####..#.....§§§§P..........
#.#.##.....#....@@§§§§#.+........
..........###..P'#§§#####........
##.######## ##...#### #P###.#.#
#..## #...# ######... #...#
##.### #.###### .#.##
####..######## ###......
....######............###.P......
......................##.........
....###...............#..........


You could see Rupert (berserk).

Vanquished Creatures
  A hydra (D:11)
  Pikel (D:7)
  A centaur zombie (D:10)
  A merfolk siren (Lair:3)
  6 spiny frogs
  A rime drake (Lair:3)
  2 centaur skeletons (D:10)
  2 komodo dragons
  A troll (D:9)
  3 merfolk (Lair:3)
  10 blink frogs
  Prince Ribbit (D:6)
  5 hippogriffs
  10 yaks
  2 basilisks
  5 porcupines
  Duvessa (D:7)
  A water moccasin (Lair:2)
  3 ice beasts
  5 orc warriors
  2 sky beasts
  A black bear (D:11)
  2 necrophages
  4 phantoms
  9 ogres
  5 wolves (Lair:2)
  A centaur (D:6)
  4 crocodiles
  A big kobold (D:8)
  11 bullfrogs
  Dowan (D:7)
  6 scorpions
  3 wights
  11 howler monkeys
  An electric eel (Lair:2)
  2 crimson imps
  A bullfrog zombie (D:11)
  2 quasits
  9 hounds
  3 orc priests (D:8)
  A bullfrog skeleton (D:6)
  5 jellies
  8 orc wizards
  4 iguanas
  7 worker ants
  A hound skeleton (D:6)
  A worker ant zombie (D:6)
  16 adders
  A howler monkey skeleton (D:4)
  2 shadow imps
  2 oozes
  2 adder skeletons
  5 worms
  3 dart slugs
  7 leopard geckos
  30 orcs
  8 giant cockroaches
  4 goblins
  6 hobgoblins
  20 jackals
  11 kobolds
  5 quokkas
  3 ball pythons
  3 bats
  3 frilled lizards
  A leopard gecko zombie (D:9)
  2 quokka skeletons (D:5)
  11 rats
313 creatures vanquished.

Vanquished Creatures (others)
  A slave (D:7)
  An ogre (D:7)
  An orc priest (D:7)
  An orc wizard (D:7)
  A worker ant zombie (D:7)
  3 orcs (D:7)
  6 fungi
  12 plants (Lair:2)
26 creatures vanquished.

Grand Total: 339 creatures vanquished

Notes
Turn   | Place    | Note
-------+----------+-------------------------------------------
     0 | D:1      | DrEnzyme the Halfling Earth Elementalist began the quest
                  | for the Orb.
     0 | D:1      | Reached XP level 1. HP: 11/11 MP: 3/3
   163 | D:1      | Reached XP level 2. HP: 16/17 MP: 0/4
   631 | D:1      | Reached XP level 3. HP: 21/21 MP: 1/5
   896 | D:2      | Reached XP level 4. HP: 27/27 MP: 2/7
  1296 | D:2      | Found a deep blue altar of Sif Muna.
  1430 | D:2      | Learned a level 3 spell: Stone Arrow
  1698 | D:2      | Found a snail-covered altar of Cheibriados.
  1756 | D:3      | Found a stormy altar of Qazlal.
  1778 | D:3      | Reached XP level 5. HP: 31/31 MP: 5/9
  2422 | D:3      | Noticed a sky beast
  3340 | D:3      | Found a bloodstained altar of Trog.
  3350 | D:3      | Noticed Jessica
  3726 | D:4      | Noticed an ogre
  3765 | D:3      | Reached skill level 1 in Fighting
  3765 | D:3      | Reached skill level 1 in Maces & Flails
  3899 | D:3      | Killed a sky beast
  3899 | D:3      | Reached skill level 4 in Earth Magic
  3899 | D:3      | Reached XP level 6. HP: 38/38 MP: 0/10
  4402 | D:4      | Noticed an ogre
  4786 | D:4      | Killed an ogre
  4786 | D:4      | Reached skill level 1 in Conjurations
  4786 | D:4      | Reached XP level 7. HP: 33/43 MP: 0/12
  4953 | D:4      | Found a radiant altar of Vehumet.
  4953 | D:4      | Found a white marble altar of Elyvilon.
  6071 | D:4      | Reached XP level 8. HP: 46/48 MP: 1/13
  6269 | D:4      | Learned a level 5 spell: Lee's Rapid Deconstruction
  6565 | D:5      | Entered Level 5 of the Dungeon
  7255 | D:5      | Reached skill level 5 in Earth Magic
  7627 | D:5      | Found a staircase to the Ecumenical Temple.
  8084 | D:6      | Noticed Prince Ribbit
  8088 | D:6      | Killed Prince Ribbit
  8255 | D:6      | Found an ornate altar of the Wu Jian Council.
  8585 | D:6      | Found a hide-covered altar of Uskayaw.
  8593 | D:6      | Reached XP level 9. HP: 54/54 MP: 11/15
  8671 | D:6      | Reached skill level 5 in Dodging
  9116 | D:6      | Found a hazy altar of Hepliaklqana.
  9119 | D:6      | Found an iron altar of Okawaru.
  9122 | D:6      | Found a blossoming altar of Fedhas.
  9362 | D:4      | Became a worshipper of Vehumet
  9507 | D:7      | Reached skill level 6 in Earth Magic
  9851 | D:7      | Reached skill level 5 in Spellcasting
  9898 | D:7      | Found a sacrificial altar of Ru.
  9947 | D:7      | Noticed a hippogriff
  9950 | D:7      | Noticed Duvessa
  9986 | D:7      | Killed Duvessa
 10025 | D:7      | Noticed Dowan
 10034 | D:7      | Killed Dowan
 10281 | D:7      | Noticed Pikel
 10292 | D:7      | Killed Pikel
 10292 | D:7      | Reached skill level 7 in Earth Magic
 10502 | D:7      | Reached XP level 10. HP: 60/60 MP: 14/18
 10850 | D:7      | Found a sparkling altar of Nemelex Xobeh.
 11220 | D:8      | Reached * piety under Vehumet
 11220 | D:8      | Offered knowledge of Flame Tongue by Vehumet.
 11333 | D:8      | Reached skill level 8 in Earth Magic
 11846 | D:8      | Found a shadowy altar of Dithmenos.
 12021 | D:8      | Offered knowledge of Magic Dart by Vehumet.
 12182 | D:8      | Reached ** piety under Vehumet
 13019 | D:9      | Noticed a deep troll earth mage
 13251 | D:9      | Found a blossoming altar of Fedhas.
 13660 | D:9      | Reached skill level 9 in Earth Magic
 13701 | D:9      | Found a staircase to the Lair.
 13710 | D:9      | Learned a level 1 spell: Confusing Touch
 13753 | D:9      | Noticed Joseph
 13834 | D:9      | Offered knowledge of Throw Flame by Vehumet.
 13872 | D:10     | Entered Level 10 of the Dungeon
 13874 | D:10     | Found Ateun's Armour Shoppe.
 13882 | D:10     | Bought a +1 leather armour of poison resistance for 165
                  | gold pieces
 13959 | D:10     | Reached XP level 11. HP: 63/63 MP: 16/21
 14058 | D:10     | Reached skill level 5 in Conjurations
 14125 | D:10     | Reached *** piety under Vehumet
 14155 | D:10     | Found Giniutiz's Antique Armour Boutique.
 14196 | D:10     | Reached skill level 1 in Armour
 14431 | D:10     | Bought a glowing cloak for 210 gold pieces
 14438 | D:10     | Found Vuoczing's Distillery.
 14446 | D:10     | Bought a potion of heal wounds for 65 gold pieces
 14484 | D:10     | Found Suig Qos's General Store.
 14493 | D:10     | Bought a scroll of identify for 28 gold pieces
 14523 | D:10     | Got a dazzling whip
 14524 | D:10     | Identified the +2 whip "Xiomuge" {slash, SInv} (You found
                  | it on level 10 of the Dungeon)
 14578 | D:10     | Found a runed translucent door.
 14587 | D:10     | Found the +10 large shield of Ignorance {rN+ Int-4}
 14592 | D:10     | Found a runed translucent door.
 14594 | D:10     | Noticed an orange crystal statue
 14627 | D:10     | Found Oplatzej's Book Boutique.
 14784 | D:10     | Reached skill level 1 in Shields
 15299 | D:11     | Noticed a seven-headed hydra
 15307 | D:11     | Killed a seven-headed hydra
 15307 | D:11     | Offered knowledge of Ignite Poison by Vehumet.
 15583 | Lair:1   | Entered Level 1 of the Lair of Beasts
 15672 | Lair:1   | Reached skill level 1 in Evocations
 16380 | Lair:1   | Reached skill level 10 in Earth Magic
 16467 | Lair:1   | Reached XP level 12. HP: 66/70 MP: 3/23
 16671 | D:10     | Bought a runed buckler for 210 gold pieces
 17891 | Lair:2   | Got a translucent chain mail
 17902 | Lair:2   | Identified the +0 chain mail of Xetu {*Slow Dex+8 Slay+2}
                  | (You found it on level 2 of the Lair of Beasts)
 18025 | Lair:2   | Reached **** piety under Vehumet
 18328 | Lair:2   | Offered knowledge of Inner Flame by Vehumet.
 18334 | Lair:2   | Learned a level 3 spell: Inner Flame
 18337 | Lair:2   | Learned a level 2 spell: Passwall
 18869 | Lair:3   | Noticed Rupert
 18874 | Lair:3   | HP: 3/70 [Rupert/+0 battleaxe of electrocution (16)]
 18876 | Lair:2   | Paralysed by Rupert for 3 turns
 18879 | Lair:2   | HP: 2/72 [Rupert/+0 battleaxe of electrocution (22)]
 19153 | Lair:3   | Reached skill level 5 in Shields
 19215 | Lair:3   | HP: 1/72 [merfolk/+0 trident (15)]
 19386 | Lair:2   | Mangled by Rupert

Skill      XL: |  1  2  3  4  5  6  7  8  9 10 11 12 |
---------------+-------------------------------------+-----
Spellcasting   | 2 3 4 5 6 7 8 |  8.6
Dodging        | 3 4 6 7 8 |  8.1
Fighting       | 1 2 |  2.9
Maces & Flails | 1 2 3 |  3.6
Earth Magic    | 4 5 7 9 10 | 10.7
Conjurations   | 1 2 3 4 6 7 |  7.1
Stealth        | 3 4 |  4.4
Armour         | 2 3 |  3.3
Shields        | 3 5 |  5.3
Evocations     | 1 |  1.2
Transmutations | |  0.5

Action                   |  1- 3 |  4- 6 |  7- 9 | 10-12 || total
-------------------------+-------+-------+-------+-------++-------
Melee: Unarmed           |     4 |       |       |       ||     4
       Whip              |       |   164 |   112 |    66 ||   342
 Cast: Sandblast         |    34 |    41 |    18 |    69 ||   162
       Stone Arrow       |       |    17 |   116 |   384 ||   517
       Lee's Rapid Decon |       |       |       |     2 ||     2
Evoke: Wand              |       |       |     4 |    17 ||    21
  Use: Scroll            |     2 |     1 |     6 |     9 ||    18
       Potion            |       |       |       |     3 ||     3
 Stab: Confused          |       |       |       |     3 ||     3
  Eat: Chunk             |     1 |    15 |    11 |    27 ||    54
       Ration            |       |       |     5 |     4 ||     9
Armor: Robe              |     8 |    36 |    16 |    19 ||    79
       Leather armour    |       |       |       |    33 ||    33
Dodge: Dodged            |    37 |   178 |   104 |   239 ||   558
Block: Buckler           |       |       |       |    33 ||    33
